 Dungeon Crawl Stone Soup version 0.21.1-1-g345015fe64 (webtiles) character file.

259 Lentor the Slasher (level 5, -8/72 HPs)
             Began as a Minotaur Berserker on June 21, 2018.
             Was a Priest of Trog.
             Mangled by an ogre zombie
             ... wielding a +0 giant club of venom
              (13 damage)
             ... on level 4 of the Dungeon.
             The game lasted 00:06:33 (3160 turns).

Lentor the Slasher (Minotaur Berserker)             Turns: 3160, Time: 00:06:34

Health: -8/72      AC: 11    Str: 27    XL:     5   Next: 95%
Magic:  4/4        EV:  8    Int:  4    God:    Trog [***...]
Gold:   173        SH:  0    Dex: 10    Spells: 4/4 levels left

rFire    . . .     SeeInvis .   n - +8 trident of the Octopus King {venom, rElec rPois MR+}
rCold    . . .     Gourm    .   (no shield)
rNeg     . . .     Faith    .   f - +0 plate armour
rPois    +         Spirit   .   (helmet restricted)
rElec    +         Reflect  .   (no cloak)
rCorr    .         Harm     .   (no gloves)
MR       +....                  (no boots)
Stlth    ..........             (no amulet)
HPRegen  0.22/turn              (no ring)
MPRegen  0.09/turn              (no ring)

@: berserking, lethally poisoned (-8 -> -33), very quick
A: retaliatory headbutt, horns 2
a: Berserk, Trog's Hand, Burn Spellbooks, Renounce Religion


You were on level 4 of the Dungeon.
You worshipped Trog.
Trog was most pleased with you.
You were not hungry.

You visited 1 branch of the dungeon, and saw 4 of its levels.

You collected 173 gold pieces.

Inventory:

Hand Weapons
 k - a +0 long sword
 n - the +8 trident of the Octopus King (weapon) {venom, rElec rPois MR+}
   (You found it on level 4 of the Dungeon)

   It poisons the flesh of those it strikes.
   It insulates you from electricity.
   It protects you from poison.
   It affects your resistance to hostile enchantments.
Armour
 f - a +0 plate armour (worn)
Scrolls
 a - a scroll of fog {unknown}
 d - 2 scrolls of remove curse {unknown}
 i - 3 scrolls of amnesia {unknown}
 j - 5 scrolls of identify {unknown}
 l - 2 scrolls of teleportation {unknown}
Potions
 b - 2 potions of haste {unknown}
 e - 3 potions of curing {unknown}
 g - a potion of experience {unknown}
 h - 2 potions of might {unknown}
 m - a potion of agility {unknown}
 o - a potion of resistance
Comestibles
 c - 6 rations


   Skills:
 + Level 5.3 Fighting
 - Level 6.1 Long Blades
 + Level 3.5 Armour
 + Level 2.8 Dodging
 - Level 0.6 Stealth


You had 4 spell levels left.
You didn't know any spells.

Dungeon Overview and Level Annotations

Branches:
Dungeon (4/15)
 Temple: D:4-7

Altars:
Hepliaklqana
Okawaru

Annotations:
D:4 1 transporter


Innate Abilities, Weirdness & Mutations

You reflexively headbutt those who attack you in melee.
You have a pair of horns on your head.


Message History

There are monsters nearby!
You puncture the ogre zombie! Your headbutt misses the ogre zombie.
The ogre zombie is lightly damaged.
The ogre zombie hits you with a giant club of venom!
You are poisoned.
The ogre zombie hits you with a giant club of venom!!
* * * LOW HITPOINT WARNING * * *
You are lethally poisoned!
A red film seems to cover your vision as you go berserk!
You feel yourself moving faster!
You feel mighty!
You feel a lot more hungry.
* * * LOW HITPOINT WARNING * * *
You feel very sick.
You puncture the ogre zombie!
The ogre zombie is moderately damaged.
* * * LOW HITPOINT WARNING * * *
You feel very sick.
The ogre zombie hits you with a giant club of venom!
* * * LOW HITPOINT WARNING * * *
The ogre zombie hits you with a giant club of venom!
You die...

.............................#.#.
................ .........##.#.#.
.#####.#.####### ...............
.# #.#.#§.§§§##########.##.##..
.#####.#.#§§§§§#§§.§§§# #.##.##..
.........#§§§§§#§.§§§§###.##.##..
.....#...#$$.§§§.#.#§§#...##.##.>
.....#..©#©).§§ZZ..©§§#©..##.####
.........#?$.§§§@#.#§§#...##.#
.....#####§§§§§#§§§§§§#...##.#
.....# ##§§§§§#§§§§§§###.##.#
.....# #§§§§§##########.##.#
..#### #######.............# ..#
####.########.# ### ####.#######
# #..........# #..........#


You could see 2 ogre zombies.

Vanquished Creatures
  A centaur skeleton (D:4)
  Jessica (D:2)
  Terence (D:2)
  2 worker ants (D:4)
  An ogre zombie (D:4)
  4 adders
  A worm (D:2)
  An orc (D:3)
  3 ball pythons (D:1)
  3 giant cockroaches
  7 goblins
  12 hobgoblins
  10 jackals
  A quokka (D:2)
  10 bats
  8 frilled lizards
  8 kobolds
  5 rats
79 creatures vanquished.

Notes
Turn   | Place    | Note
-------+----------+-------------------------------------------
     0 | D:1      | Lentor the Minotaur Berserker began the quest for the Orb.
     0 | D:1      | Reached XP level 1. HP: 19/19 MP: 0/0
   159 | D:1      | Reached XP level 2. HP: 10/27 MP: 1/1
   407 | D:1      | Reached skill level 4 in Long Blades
   658 | D:1      | Reached ** piety under Trog
   930 | D:2      | Noticed Jessica
   932 | D:2      | Reached XP level 3. HP: 33/33 MP: 2/2
   938 | D:2      | Killed Jessica
  1049 | D:2      | Reached XP level 4. HP: 35/41 MP: 3/3
  1072 | D:2      | Found an iron altar of Okawaru.
  1363 | D:2      | Noticed Terence
  1377 | D:2      | Killed Terence
  1377 | D:2      | Reached skill level 5 in Long Blades
  1819 | D:3      | Reached *** piety under Trog
  2148 | D:3      | Found a hazy altar of Hepliaklqana.
  2254 | D:3      | Reached XP level 5. HP: 47/47 MP: 4/4
  2640 | D:4      | Found the +8 trident of the Octopus King {venom, rElec rPois MR+}
  2857 | D:4      | Found a transporter.
  2889 | D:4      | Reached skill level 5 in Fighting
  2889 | D:4      | Reached skill level 6 in Long Blades
  3126 | D:4      | Found a transporter.
  3160 | D:4      | Mangled by an ogre zombie

Skill      XL: |  1  2  3  4  5 |
---------------+----------------+-----
Fighting       | 4 5 |  5.3
Long Blades    | 4 5 6 |  6.1
Armour         | 3 |  3.5
Dodging        | |  2.8
Stealth        | |  0.6

Action                   |  1- 3 |  4- 6 || total
-------------------------+-------+-------++-------
Melee: Falchion          |    53 |    91 ||   144
       Headbutt          |     7 |    21 ||    28
       Long sword        |       |    25 ||    25
       Trident           |       |    10 ||    10
Invok: Berserk           |     1 |     1 ||     2
 Stab: Sleeping          |     1 |       ||     1
  Eat: Chunk             |     1 |     5 ||     6
       Ration            |       |     1 ||     1
Armor: Animal skin       |    13 |       ||    13
       Plate armour      |    11 |    85 ||    96
Dodge: Dodged            |    39 |    54 ||    93
       Rpst.: Falchion   |    11 |     8 ||    19
       Long sword        |       |     1 ||     1
